 Dungeon Crawl Stone Soup version 0.31-a0-986-g5e6e4ef867 (webtiles) character file.

Game seed: 17633601926192074622

84 Dittersdorf the Shield-Bearer (level 4, -3/35 HPs)
             Began as a Human Fighter on Nov 9, 2023.
             Slain by a gnoll
             ... wielding a +0 spear
              (4 damage)
             ... on level 3 of the Dungeon.
             The game lasted 00:01:58 (1492 turns).

Dittersdorf the Shield-Bearer (Human Fighter)       Turns: 1492, Time: 00:01:58

Health: -3/35      AC:  8    Str: 19    XL:     4   Next: 74%
Magic:  4/4        EV:  6    Int:  8    God:
Gold:   145        SH:  4    Dex: 12    Spells: 3/3 levels left

rFire   . . .        a - +1 long sword
rCold   . . .        c - +0 buckler
rNeg    . . .        b - +0 scale mail
rPois   .            i - +0 helmet
rElec   .            (no cloak)
rCorr   .            (no gloves)
SInv    .            (no boots)
Will    .....        (no amulet) Stlth
                     (no ring)
HPRegen 0.25/turn    (no ring)
MPRegen 0.09/turn

%: no passive effects
@: constricted
A: no striking features
a: no special abilities


You were on level 3 of the Dungeon.
You visited 1 branch of the dungeon, and saw 3 of its levels.

You collected 145 gold pieces.

Inventory:

Hand Weapons
 a - a +1 long sword (weapon)
Armour
 b - a +0 scale mail (worn)
 c - a +0 buckler (worn)
 i - a +0 helmet (worn)
Scrolls
 h - a scroll of teleportation
Potions
 d - 2 potions of might
 e - a potion of brilliance {unknown}
 f - a potion of degeneration {unknown}
 g - 3 potions of lignification {unknown}


   Skills:
 + Level 3.5 Fighting
 + Level 2.8 Long Blades
 + Level 3.5 Armour
 + Level 3.7 Shields


You had 3 spell levels left.
You didn't know any spells.
Your spell library was empty.

Dungeon Overview and Level Annotations

Branches:
Dungeon (3/15)

Altars:
Xom

Annotations:
D:2 1 runed translucent door, Crazy Yiuf


Message History

The ball python bites you. The ball python grabs you.
The ball python constricts you.
The ball python bites you but does no damage.
The ball python constricts you.
The gnoll hits you from afar with a +0 spear.
You closely miss the gnoll. The ball python bites you.
The ball python constricts you. The gnoll completely misses you.
The gnoll hits you with a +0 flail! The gnoll hits you with a +0 spear.
You hit the gnoll but do no damage. You block the ball python's attack.
The ball python constricts you. You block the gnoll's attack.
The gnoll barely misses you. The gnoll hits you with a +0 spear.
The ball python bites you but does no damage.
The ball python constricts you.
You hit the gnoll but do no damage. The gnoll barely misses you.
The gnoll hits you from afar with a +0 spear.
The gnoll hits you with a +0 spear.
* * * LOW HITPOINT WARNING * * *
The ball python bites you but does no damage.
The ball python constricts you.
You slash the gnoll!
The gnoll is severely wounded.
You block the ball python's attack. The ball python constricts you.
You block the gnoll's attack.
The gnoll hits you from afar with a +0 spear.
* * * LOW HITPOINT WARNING * * *
The gnoll completely misses you. The ball python barely misses you.
The ball python constricts you. The gnoll barely misses you. x2
The gnoll hits you from afar with a +0 spear.
* * * LOW HITPOINT WARNING * * *
You slash the gnoll!
You kill the gnoll!
The ball python bites you but does no damage.
The ball python constricts you. The gnoll barely misses you.
The gnoll hits you with a +0 spear.
* * * LOW HITPOINT WARNING * * *
You barely miss the gnoll. The ball python barely misses you.
The ball python constricts you.
* * * LOW HITPOINT WARNING * * *
You block the gnoll's attack. The gnoll hits you with a +0 spear.
You die...

#########
#.......#
#..).S..#
#..g@...#
#.g.....#
#.........#
#.........#
#.........#
#....######
##.#. #.#.
.


You could see 2 gnolls and a ball python.

Vanquished Creatures
  A gnoll (D:3)
  2 adders (D:2)
  A dart slug (D:1)
  A bat skeleton (D:2)
  9 giant cockroaches
  2 goblins (D:1)
  5 hobgoblins
  6 jackals
  A quokka (D:1)
  4 ball pythons
  A ball python zombie (D:2)
  4 bats
  5 frilled lizards
  4 kobolds (D:1)
  A quokka skeleton (D:2)
  6 rats
53 creatures vanquished.

Notes
Turn   | Place    | Note
-------+----------+-------------------------------------------
     0 | D:1      | Dittersdorf the Human Fighter began the quest for the Orb.
     0 | D:1      | Reached XP level 1. HP: 18/18 MP: 1/1
   138 | D:1      | Reached XP level 2. HP: 24/24 MP: 2/2
   444 | D:1      | Reached XP level 3. HP: 22/29 MP: 3/3
   730 | D:2      | Found a shimmering altar of Xom.
   808 | D:2      | Reached XP level 4. HP: 23/35 MP: 4/4
  1092 | D:2      | Found a runed translucent door.
  1093 | D:2      | Noticed Crazy Yiuf
  1492 | D:3      | HP: 1/35 [constriction (1)]
  1492 | D:3      | Slain by a gnoll

Illustrated notes

Levels and vault maps discovered:
D:1:      orjb1_clovarrival, layout_loops_cross, nrook_mini_vaults
D:2:      layout_rooms, serial_undead, serial_undead_c, serial_undead_b,
          serial_undead_e, serial_undead_b, serial_undead_a, serial_undead_d,
          basic_altar, ebering_dispersal_statue_hall, minmay_worlds_worst_comb,
          uniq_crazy_yiuf_cottage
D:3:      layout_basic, portal_sewer_entry_c, hellmonk_ecumenical_altar_run_dry,
          minmay_goblin_kobold_house

Action                     |  1- 3 |  4- 6 || total
---------------------------+-------+-------++-------
  Melee: Long sword        |   111 |    66 ||   177
    Use: Scroll            |       |     4 ||     4
 Armour: Scale mail        |   112 |    59 ||   171
  Dodge: Dodged            |    67 |    32 ||    99
  Block: Buckler           |    30 |    22 ||    52

Table legend: (Time is in decaauts)
 A = Elapsed time spent in this place.
 B = Non-inter-level travel time spent in this place.
 C = Inter-level travel time spent in this place.
 D = Time resting spent in this place.
 E = Time spent auto-exploring this place.
 F = Levels seen in this place.
 G = Mean time per level.
                   A        B        C        D        E       F      G
               +--------+--------+--------+--------+--------+-----+--------+
         Total |   1560 |   1467 |     93 |      0 |   1054 |   3 |  520.0 |
       Dungeon |   1560 |   1467 |     93 |      0 |   1054 |   3 |  520.0 |
               +--------+--------+--------+--------+--------+-----+--------+

Top non-repeatable levels by time:
     D:1: 788 daAuts
     D:2: 759 daAuts
     D:3: 12 daAuts
